 Dungeon Crawl Stone Soup version 0.31-a0-263-ge8cad7f256 (webtiles) character file.

Game seed: 16179252366304358124

85 qw the Shooter (level 4, -5/36 HPs)
             Began as a Minotaur Hexslinger on July 13, 2023.
             Slain by a gnoll
             ... wielding a +0 halberd
              (15 damage)
             ... on level 2 of the Dungeon.
             The game lasted 00:00:29 (941 turns).

qw the Shooter (Minotaur Hexslinger)                 Turns: 941, Time: 00:00:29

Health: -5/36      AC:  2    Str: 12    XL:     4   Next: 25%
Magic:  4/4        EV: 12    Int: 10    God:
Gold:   134        SH:  0    Dex: 15    Spells: 4/5 levels left

rFire   . . .        Y - +3 sling
rCold   . . .        (no shield)
rNeg    . . .        c - +0 robe
rPois   .            (helmet restricted)
rElec   .            (no cloak)
rCorr   .            (no gloves)
SInv    .            (no boots)
Will    .....        (no amulet)
Stlth   +            (no ring)
HPRegen 0.26/turn    (no ring)
MPRegen 0.09/turn

%: no passive effects
@: no status effects
A: horns 2, retaliatory headbutt
a: no special abilities


You were on level 2 of the Dungeon.
You visited 1 branch of the dungeon, and saw 2 of its levels.

You collected 134 gold pieces.


Innate Abilities, Weirdness & Mutations

You have a pair of horns on your head.
You reflexively headbutt those who attack you in melee.


   Skills:
 - Level 2.2 Fighting
 + Level 4.7 Ranged Weapons
 - Level 2.1 Dodging
 - Level 1.0 Spellcasting
 - Level 2.0 Hexes


You had 4 spell levels left.
You knew the following spells:

 Your Spells              Type           Power      Damage    Failure   Level
a - Slow                  Hex            16%        N/A       16%         1

Your spell library contained the following spells:

 Spells                   Type           Power      Damage    Failure   Level
 Inner Flame              Hex/Fire       2%         N/A       56%         3
 Portal Projectile        Hex/Tloc       4%         N/A       56%         3
 Cause Fear               Hex            2%         N/A       83%         4

Inventory:

Hand Weapons
 Y - a +3 sling (weapon)
Armour
 a - a +2 ring mail of fire resistance
 c - a +0 robe (worn)
Jewellery
 g - a ring of positive energy
Potions
 b - a potion of attraction {unknown}
 d - 2 potions of heal wounds {unknown}
 e - a potion of degeneration {unknown}
 f - a potion of cancellation {unknown}

Dungeon Overview and Level Annotations

Branches:
Dungeon (2/15)

Altars:

Annotations:
D:2 exclusion: gnoll


Message History

The sling bullet barely misses the frilled lizard.
A gnoll comes into view. It is wielding a +0 halberd.
A giant cockroach comes into view.
You shoot a sling bullet.
The sling bullet barely misses the frilled lizard.
The gnoll shouts!
The sling bullet hits the gnoll!
The gnoll is heavily wounded.
You shoot a sling bullet.
The sling bullet hits the frilled lizard but does no damage.
You shoot a sling bullet.
The sling bullet closely misses the frilled lizard.
The sling bullet closely misses the gnoll.
You shoot a sling bullet.
The sling bullet closely misses the frilled lizard.
The sling bullet hits the giant cockroach!
You kill the giant cockroach!
The frilled lizard barely misses you.
You shoot a sling bullet.
The sling bullet hits the frilled lizard!
You kill the frilled lizard!
The gnoll hits you from afar with a +0 halberd.
You shoot a sling bullet. The sling bullet hits the gnoll.
The gnoll is severely wounded.
The gnoll hits you from afar with a +0 halberd!
You shoot a sling bullet.
The sling bullet barely misses the gnoll.
The gnoll hits you from afar with a +0 halberd!
Enter note:
Enter note:
Enter note:
Enter note:
940 ||| UPGRADING to +2 ring mail of fire resistance.
The gnoll hits you from afar with a +0 halberd.
You stop removing your armour.
A dart slug comes into view.
941 ||| UPGRADING to +2 ring mail of fire resistance.
The gnoll hits you from afar with a +0 halberd!
You stop removing your armour.
You die...

#.# #.#############
#######.# #..<..........#
<.......# #############.#
##########.######
#...#####.#
................#
#.........#
#########.##.####.##
#...#######
.....).##.##.......####.##
.#####......#..#.#....#.#
.#.........#####@#.##(#.#
.#.######..# #..%####.#.#
.#.# ####...#g.
##.#.######### .#.#
#......%.##.............
##.# ...^.
..!.##...######### ###
.#........##..## # ....
#.....#..# # #..w
....#.##.# # #.# ##


You could see a gnoll and a dart slug (wandering).

Vanquished Creatures
  3 gnolls (D:2)
  A worm (D:2)
  A dart slug (D:1)
  6 ball pythons
  2 bats
  4 endoplasms
  A giant cockroach (D:2)
  4 hobgoblins
  4 jackals (D:1)
  3 kobolds
  5 quokkas
  4 frilled lizards
  4 goblins
  5 rats
47 creatures vanquished.

Notes
Turn   | Place    | Note
-------+----------+-------------------------------------------
     0 | D:1      | qw the Minotaur Hexslinger began the quest for the Orb.
     0 | D:1      | Reached XP level 1. HP: 16/16 MP: 1/1
     0 | D:1      | 0 ||| qw: Version: 0.3-a-52-g30416fa
     0 | D:1      | 0 ||| qw: Game counter: 7055
     0 | D:1      | 0 ||| qw: Melee chars always use a shield: true
     0 | D:1      | 0 ||| qw: God list: Okawaru
     0 | D:1      | 0 ||| qw: Allow faded altars: false
     0 | D:1      | 0 ||| qw: Do Orc after clearing Dungeon:15 true
     0 | D:1      | 0 ||| qw: Do second Lair branch before Depths: true
     0 | D:1      | 0 ||| qw: Lair rune preference: random
     0 | D:1      | 0 ||| qw: Goals: Normal
     0 | D:1      | 0 ||| PLANNING D:1-11
   113 | D:1      | Reached skill level 3 in Ranged Weapons
   117 | D:1      | Reached XP level 2. HP: 23/23 MP: 2/2
   345 | D:1      | Reached XP level 3. HP: 24/29 MP: 3/3
   372 | D:1      | 372 ||| SWAPPING to +3 sling.
   373 | D:1      | 373 ||| DROPPING +1 sling.
   381 | D:1      | Found a faded altar of an unknown god.
   460 | D:1      | 460 ||| READING scroll labelled MORISAESE.
   461 | D:1      | 461 ||| DROPPING scroll of poison.
   763 | D:2      | Reached skill level 4 in Ranged Weapons
   771 | D:2      | Reached XP level 4. HP: 27/36 MP: 4/4
   940 | D:2      | 940 ||| UPGRADING to +2 ring mail of fire resistance.
   941 | D:2      | 941 ||| UPGRADING to +2 ring mail of fire resistance.
   941 | D:2      | Slain by a gnoll

Levels and vault maps discovered:
D:1:      dpeg_arrival_simpleton_c, layout_rooms,
          hellmonk_ecumenical_altar_arch_garden, minmay_crystal_water
D:2:      minmay_skewed_foursquare, layout_loops_ring, cheibrodos_gnoll_hut

Skill      XL: |  1  2  3 |
---------------+----------+-----
Ranged Weapons | 3 4 |  4.7
Fighting       | 2 |  2.2
Dodging        | |  2.1
Spellcasting   | |  1.0
Hexes          | |  2.0

Action                     |  1- 3 |  4- 6 || total
---------------------------+-------+-------++-------
   Fire: Sling             |   101 |    24 ||   125
    Use: Scroll            |     1 |       ||     1
 Armour: Robe              |     5 |     1 ||     6
  Dodge: Dodged            |    33 |     7 ||    40

Table legend:
 A = Non-vault XP
 B = Vault XP
 C = Vault XP percentage of total XP
 D = Non-vault monster count
 E = Vault monster count
 F = Vault count percentage of total count
                 A         B        C        D         E       F
            +---------+---------+-------+---------+---------+-------
      Total |     113 |       9 |   7.4 |      40 |       7 |  14.9
            +---------+---------+-------+---------+---------+-------
        D:1 |      44 |       0 |   0.0 |      24 |       0 |   0.0
        D:2 |      69 |       9 |  11.5 |      16 |       7 |  30.4
            +---------+---------+-------+---------+---------+-------
